 Dungeon Crawl Stone Soup version 0.32-a0-876-gcfddb08e57 (webtiles) character file.

Game seed: 4054686668515796391

18 jasper the Trooper (level 2, -1/48 HPs)
             Began as an Oni Berserker on Mar 31, 2024.
             Was a Follower of Trog.
             Succumbed to an adder's poison
             ... on level 2 of the Dungeon.
             The game lasted 00:01:00 (325 turns).

jasper the Trooper (Oni Berserker)                   Turns: 325, Time: 00:01:01

Health: -1/48      AC:  3    Str: 20    XL:     2   Next: 70%
Magic:  2/2        EV:  9    Int:  8    God:    Trog [*.....]
Gold:   20         SH:  0    Dex:  8    Spells: 1/1 levels left

rFire   . . .        a - +0 mace
rCold   . . .        (no shield)
rNeg    . . .        b - +0 animal skin
rPois   .            (helmet restricted)
rElec   .            (no cloak)
rCorr   .            (gloves unavailable)
SInv    .            (boots unavailable)
Will    .....        (no amulet) Stlth
                     (no ring)
HPRegen 0.28/turn    (no ring)
MPRegen 0.08/turn

%: no passive effects
@: berserking, lethally poisoned (-1 -> -10), very quick
A: large, unfitting armour, horns 1, tough skin 1, double potion healing,
drunken brawling
a: Renounce Religion, Berserk


You were on level 2 of the Dungeon.
You worshipped Trog.
Trog was aware of your devotion.
You visited 1 branch of the dungeon, and saw 2 of its levels.

You collected 20 gold pieces.

Inventory:

Hand Weapons
 a - a +0 mace (weapon)
Missiles
 c - 18 stones (quivered)
Armour
 b - a +0 animal skin (worn)
Scrolls
 f - a scroll of fear {unknown}
Potions
 d - 3 potions of heal wounds {unknown}
 e - a potion of cancellation {unknown}
 g - a potion of degeneration {unknown}
 h - 2 potions of attraction {unknown}


   Skills:
 - Level 4.0 Fighting
 + Level 3.9 Maces & Flails
 - Level 2.6 Dodging


You had one spell level left.
You didn't know any spells.
Your spell library was empty.

Dungeon Overview and Level Annotations

Branches:
Dungeon (1/15)

Altars:


Innate Abilities, Weirdness & Mutations

You are too large for most types of armour.
You have a pair of small horns on your head.
You have tough skin. (AC +1)
You gain doubled healing and magic from potions.
Whenever you drink a healing potion, you attack all around you.


Message History

You take 1 damage, and have 15/32 hp.
You miss the adder.
The adder is lightly wounded.
You feel sick. The adder bites you but does no damage. The adder bites you.
You take 3 damage, and have 12/32 hp.
A red film seems to cover your vision as you go berserk!
You feel yourself moving faster!
You feel mighty!
You feel sick. The adder completely misses you.
You now have 17/48 hp.
You closely miss the adder. Your headbutt misses the adder.
You feel sick. The adder bites you.
* * * LOW HITPOINT WARNING * * *
You take 4 damage, and have 13/48 hp.
You miss the adder.
You feel sick.
You are no longer poisoned.
The adder bites you.
* * * LOW HITPOINT WARNING * * *
You take 4 damage, and have 9/48 hp.
You hit the adder. Your headbutt misses the adder.
The adder is heavily wounded.
The adder bites you.
* * * LOW HITPOINT WARNING * * *
You closely miss the adder.
The adder is heavily wounded.
The adder bites you.
* * * LOW HITPOINT WARNING * * *
You are lethally poisoned!
The adder poisons you!
You take 3 damage, and have 6/48 hp.
You hit the adder.
The adder is almost dead.
* * * LOW HITPOINT WARNING * * *
You feel sick. The adder bites you.
* * * LOW HITPOINT WARNING * * *
You are more poisoned.
The adder poisons you!
You take 5 damage, and have 1/48 hp.
You closely miss the adder.
The adder is almost dead.
You die...

#..####.##†####
#.............#
####.##.##.##.#
# #.##.##.###
#.##......#
#.#####.#.#
#.#####.#.#
........#.#
.######@..#
#S### #.# #[#
#.# #.# #.# #.#


You could see an adder.

Vanquished Creatures
  3 ball pythons
  5 bats
  An endoplasm (D:1)
  2 goblins
  A hobgoblin (D:2)
  2 jackals (D:2)
  A quokka (D:1)
  A frilled lizard (D:1)
  A kobold (D:2)
  A rat (D:1)
18 creatures vanquished.

Notes
Turn   | Place    | Note
-------+----------+-------------------------------------------
     0 | D:1      | jasper the Oni Berserker began the quest for the Orb.
     0 | D:1      | Reached XP level 1. HP: 24/24 MP: 1/1
   125 | D:1      | Reached XP level 2. HP: 29/32 MP: 2/2
   189 | D:1      | You fall into a shaft and drop 1 floor!
   324 | D:2      | HP: 1/48 [adder (3)]
   325 | D:2      | Succumbed to an adder's poison

Illustrated notes

Levels and vault maps discovered:
D:1:      minmay_arrival_stone_box, layout_rooms,
          nicolae_ecumenical_snake_handling
D:2:      layout_loops_cross, uniq_crazy_yiuf_cottage

Action                     || total
---------------------------++-------
  Melee: Mace              ||    55
         Headbutt          ||    10
 Invoke: Berserk           ||     1
 Armour: Animal skin       ||    70
  Dodge: Dodged            ||    41

Table legend: (Time is in decaauts)
 A = Elapsed time spent in this place.
 B = Non-inter-level travel time spent in this place.
 C = Inter-level travel time spent in this place.
 D = Time resting spent in this place.
 E = Time spent auto-exploring this place.
 F = Levels seen in this place.
 G = Mean time per level.
                   A        B        C        D        E       F      G
               +--------+--------+--------+--------+--------+-----+--------+
         Total |    337 |    337 |      0 |      0 |    153 |   2 |  168.5 |
       Dungeon |    337 |    337 |      0 |      0 |    153 |   2 |  168.5 |
               +--------+--------+--------+--------+--------+-----+--------+

Top non-repeatable levels by time:
     D:1: 195 daAuts
     D:2: 142 daAuts
